 Dungeon Crawl Stone Soup version 0.20.0-10-g0535bb4 (webtiles) character file.

130 Kriby the Chopper (level 5, -7/48 HPs)
             Began as a Hill Orc Fighter on June 3, 2017.
             Killed from afar by an efreet (26 damage)
             ... with a bolt of fire
             ... on level 1 of the Abyss.
             The game lasted 00:02:57 (2483 turns).

Kriby the Chopper (Hill Orc Fighter)                Turns: 2483, Time: 00:02:58

Health: -7/48      AC: 10    Str: 18 (20) XL:     5   Next: 13%
Magic:  5/5        EV:  7    Int:  7 (8)  God:
Gold:   138        SH:  9    Dex: 10      Spells: 4/4 levels left

rFire    . . .     SeeInvis .   a - +0 war axe
rCold    . . .     Gourm    .   c - +0 shield
rNeg     . . .     Faith    .   n - +2 scale mail {rPois}
rPois    +         Spirit   .   (no helmet)
rElec    .         Reflect  .   (no cloak)
rCorr    .         Harm     .   o - +0 pair of gloves
MR       .....                  (no boots)
Stlth    ..........             (no amulet)
Regen    0.2/turn               (no ring)
MPRegen  0.1/turn               (no ring)

@: no status effects
A: no striking features
a: no special abilities


You were on level 1 of the Abyss.
You were not hungry.

You visited 1 branch of the dungeon, and saw 3 of its levels.
You visited the Abyss 1 time.

You collected 138 gold pieces.

Inventory:

Hand Weapons
 a - a +0 war axe (weapon)
Armour
 c - a +0 shield (worn)
 n - a +2 scale mail of poison resistance (worn)
 o - a +0 pair of gloves (worn)
Jewellery
 r - a +2 amulet of reflection {unknown}
Scrolls
 h - 6 scrolls of remove curse {unknown}
 i - a scroll of identify {unknown}
 j - a scroll of recharging {unknown}
 k - 2 scrolls of enchant armour {unknown}
 l - 2 scrolls of magic mapping {unknown}
 m - a scroll of teleportation {unknown}
 q - a scroll of amnesia {unknown}
Potions
 e - a potion of berserk rage {unknown}
Comestibles
 d - 8 fruits
 f - 2 bread rations
 p - a royal jelly


   Skills:
 + Level 5.1 Fighting
 * Level 5.4 Axes
 - Level 3.2 Armour
 - Level 3.2 Shields


You had 4 spell levels left.
You didn't know any spells.

Dungeon Overview and Level Annotations

Branches:
Dungeon (3/15)

Altars:

Annotations:
D:3 Sigmund


Message History

An efreet is nearby!
A quasit comes into view.
The quasit gives a chilling moan.
Found an opal ring.
The quasit bites you but does no damage.
You block the quasit's attack. x2
Found a bread ration.
You see here a fruit.
d - 8 fruits (gained 1)
The quasit bites you but does no damage.
You block the quasit's attack. x2
The quasit barely misses you.
The quasit claws you but does no damage. x2
You block the quasit's attack. x2; The quasit closely misses you.
You block the quasit's attack. x3
The efreet gestures at you.
The bolt of fire hits the quasit.
The quasit resists.
The bolt of fire hits you!
Ouch! That really hurt!
You die...

.... ....
##...###...## .
#.....#.....#..
......=........
...............
..............?
#)....#..%..#
####.@..#.#
#....5##..# ..
#.##.....##.#
... #..#.#...#
.
..#...#....#..#
#§R
.####R######
#......#R#.##
##.##.§§# ..#
## #...#..#.###
##


You could see an efreet and a quasit.

Vanquished Creatures
  Jessica (D:3)
  5 adders
  2 dart slugs
  A leopard gecko (D:1)
  6 orcs
  6 bats
  5 giant cockroaches
  4 hobgoblins
  3 kobolds
  A ball python (D:3)
  5 frilled lizards
  5 goblins
  4 rats
48 creatures vanquished.

Notes
Turn   | Place    | Note
-------+----------+-------------------------------------------
     0 | D:1      | Kriby the Hill Orc Fighter began the quest for the Orb.
     0 | D:1      | Reached XP level 1. HP: 19/19 MP: 1/1
   403 | D:1      | Reached XP level 2. HP: 27/27 MP: 2/2
   701 | D:1      | Reached XP level 3. HP: 24/34 MP: 3/3
  1539 | D:3      | Reached XP level 4. HP: 2/41 MP: 4/4
  1928 | D:3      | Noticed Jessica
  1931 | D:3      | Killed Jessica
  1931 | D:3      | Reached skill level 5 in Fighting
  1931 | D:3      | Reached skill level 5 in Axes
  2155 | D:3      | Reached XP level 5. HP: 47/48 MP: 5/5
  2290 | D:3      | Noticed Sigmund
  2298 | D:3      | Cast into level 1 of the Abyss (Sigmund)
  2473 | Abyss:1  | Noticed an efreet
  2483 | Abyss:1  | Killed from afar by an efreet

Skill      XL: |  1  2  3  4 |
---------------+-------------+-----
Axes           | 3 4 5 |  5.4
Fighting       | 4 5 |  5.1
Armour         | |  3.2
Shields        | |  3.2

Action                   |  1- 3 |  4- 6 || total
-------------------------+-------+-------++-------
Melee: War axe           |   106 |    74 ||   180
  Use: Potion            |     3 |       ||     3
  Eat: Chunk             |     2 |     3 ||     5
Armor: Scale mail        |    62 |    50 ||   112
Dodge: Dodged            |    36 |    25 ||    61
Block: Shield            |    69 |    47 ||   116
